Map: Ruins of Seras

Players

Bagain - Winner!

  • Race: Protoss Protoss

팡딩이

  • Race: Protoss Protoss

VOD

Have the link to the VOD?

Description

Time

  • Played on: Jan. 31, 2016, 7:27 a.m.
  • Length: 3:55
Show
View Real Time Build Order
Export as new Build Order

Bagain Protoss - Winner!

Build Orders:  

Get SALT Encoding   

  12  0:01  Probe (Chrono Boost)  
  14  0:14  Probe (Chrono Boost)  
  14  0:19  Pylon  
  14  0:24  Probe (Chrono Boost)  
  15  0:37  Probe (Chrono Boost)  
  16  0:42  Gateway  
  16  0:47  Probe (Chrono Boost)  
  17  0:58  Probe (Chrono Boost)  
  18  1:08  Probe (Chrono Boost)  
  19  1:18  Gateway  
  19  1:24  Assimilator  
  19  1:34  Cybernetics Core  
  19  1:40  Pylon  
  19  1:56  Probe (Chrono Boost)  
  19  1:58  Zealot (Chrono Boost)  
  22  2:07  Probe (Chrono Boost)  
  23  2:36  Zealot (Chrono Boost)  
  27  2:41  Zealot (Chrono Boost)  
  27  3:00  Zealot (Chrono Boost)  
  31  3:15  Zealot (Chrono Boost)  
  31  3:27  Pylon  
Show
View Real Time Build Order
Export as new Build Order

팡딩이 Protoss 

Build Orders:  

Get SALT Encoding   

  12  0:02  Probe (Chrono Boost)  
  13  0:13  Probe (Chrono Boost)  
  14  0:22  Pylon  
  14  0:39  Assimilator  
  14  0:44  Assimilator  
  14  0:45  Probe (Chrono Boost)  
  15  0:55  Probe (Chrono Boost)  
  16  1:06  Probe (Chrono Boost)  
  17  1:32  Forge  
  17  1:36  Pylon  
  17  1:39  Pylon  
  16  2:24  Pylon  
  16  2:38  Pylon  
  16  2:41  Pylon  
  16  2:46  Photon Cannon  
  16  2:48  Photon Cannon  
  15  3:03  Photon Cannon  
  15  3:11  Probe (Chrono Boost)  
  16  3:32  Pylon  
  16  3:42  Photon Cannon  
Tags
 
Matchup
PvP
Replay Pack
rep
Add a new tag
Caveats
  • Supply blocks, unpowered buildings, or Contaminate may cause inaccurate times.
  • Supply counts are checked every 10 seconds.